 Dungeon Sprint DCSS version 0.30-a0-949-g53dc5368d7 (webtiles) character file.

Game seed: 8640598807396521406

7044 qeuew the Bludgeoner (level 11, -1/97 HPs)
             Began as a Human Berserker on Mar 27, 2023.
             Was a High Priest of Trog.
             Slain by a demonic crawler (8 damage)
             ... in the Dungeon (Sprint I: "Red Sonja").
             The game lasted 00:04:51 (1356 turns).

qeuew the Bludgeoner (Human Berserker)              Turns: 1356, Time: 00:04:51

Health: -1/97      AC:  7    Str: 21      XL:     11   Next: 29%
Magic:  8/8        EV: 14    Int:  8      God:    Trog [*****.]
Gold:   617        SH:  0    Dex: 11 (13) Spells: 10/10 levels left

rFire   x . .      SeeInvis .    o - +3 flail of Bengif {freeze, rN+ Dex+3 Stlth+}
rCold   . . .      Faith    .    (no shield)
rNeg    + . .      Spirit   .    d - +0 troll leather armour
rPois   .          Reflect  .    (no helmet)
rElec   .          Rampage  .    (no cloak)
rCorr   .          NoTele   +    n - +1 pair of gloves {Str+3}
Will    ++...                    (no boots) Stlth
                                 b - amulet of the acrobat
HPRegen 2.16/turn                (no ring)
MPRegen 0.11/turn                (no ring)

@: berserking, strong-willed, regenerating, unable to drink, very quick
A: clumsy 1, deformed body, deterioration 2, frail 3, low MP 2, screaming 2,
weak 2, heat vulnerability 1, subdued magic 1, inability to drink after injury
1, inability to read after injury 1
a: Renounce Religion, Berserk, Trog's Hand, Brothers in Arms


You were in the Dungeon.
You worshipped Trog.
Trog was extremely pleased with you.
You visited 1 branch You collected 993 gold pieces.
You spent 376 gold pieces at shops.

Inventory:

Hand Weapons
 m - a +2 antimagic great mace
 o - the +3 flail of Bengif (weapon) {freeze, rN+ Dex+3 Stlth+}
   (You bought it in a shop in the Dungeon)

   Dex:       It affects your dexterity (+3).
   rN:        It protects you from negative energy.
   Stlth:     It makes you more stealthy.
Armour
 d - a +0 troll leather armour (worn)
 n - a +1 pair of gloves of strength (worn)
Jewellery
 b - an amulet of the acrobat (around neck)
Wands
 i - a wand of charming (5)
 k - a wand of iceblast (11)
Scrolls
 c - a scroll of poison {unknown}
 h - 2 scrolls of blinking
Potions
 e - a potion of haste
 f - 2 potions of magic
 g - a potion of berserk rage
 j - 2 potions of curing
 l - 2 potions of lignification {unknown}


   Skills:
 + Level 11.1 Fighting
 * Level 16.4 Maces & Flails
 * Level 13.5 Armour
 + Level 8.0 Dodging
 * Level 9.6 Evocations


You had 10 spell levels left.
You didn't know any spells.
Your spell library was empty.

Dungeon Overview and Level Annotations

Branches:
Dungeon (1/1)

Altars:
Cheibriados
Dithmenos
Elyvilon
Fedhas
Gozag
Hepliaklqana
Kikubaaqudgha
Makhleb
Nemelex Xobeh
Okawaru
Qazlal
Ru
Sif Muna
Trog
Uskayaw
Vehumet
Wu Jian
Xom
Yredelemnul
Zin
The Shining One
Jiyva
Lugonu

Shops:
D ((((:[

Annotations:
D exclusion: oklob plant


Innate Abilities, Weirdness & Mutations

You are clumsy. (Dex -2)
Armour fits poorly on your strangely shaped body.
Your body often deteriorates upon taking damage.
You are extremely frail. (-30% HP)
Your magical capacity is very low. (-20% MP)
You frequently scream uncontrollably at your foes.
You are very weak. (Str -4)
You are vulnerable to heat. (rF-)
Your spells are a little easier to cast, but a little less powerful.
You occasionally lose the ability to drink potions when taking damage.
You occasionally lose the ability to read scrolls when taking damage.


Message History

The demonic crawler is lightly wounded.
You hit the demonic crawler. You freeze the demonic crawler.
The demonic crawler is lightly wounded.
The demonic crawler hits you!
The demonic crawler hits you but does no damage.
The demonic crawler barely misses you. The demonic crawler hits you!
The demonic crawler closely misses you. The demonic crawler barely misses you.
You are too injured to fight recklessly!
You are too injured to fight recklessly!
You are too injured to fight recklessly!
You are too injured to fight recklessly!
You are too injured to fight recklessly!
You are too injured to fight recklessly!
You are too injured to fight recklessly!
You are too injured to fight recklessly!
You are too injured to fight recklessly!
You are too injured to fight recklessly!
You are too injured to fight recklessly!
You are too injured to fight recklessly!
You are too injured to fight recklessly!
Unknown command.
Your skin crawls.
You feel strong-willed. The demonic crawler hits you!
Your body deteriorates!
You feel clumsy. The demonic crawler barely misses you.
The demonic crawler hits you but does no damage.
The demonic crawler hits you!
You feel threatened and lose the ability to drink potions!
* * * LOW HITPOINT WARNING * * *
The demonic crawler hits you but does no damage.
The demonic crawler closely misses you. The demonic crawler hits you.
* * * LOW HITPOINT WARNING * * *
The demonic crawler misses you. The demonic crawler hits you.
* * * LOW HITPOINT WARNING * * *
A red film seems to cover your vision as you go berserk!
You feel yourself moving faster!
You feel mighty! The demonic crawler hits you.
* * * LOW HITPOINT WARNING * * *
The demonic crawler barely misses you. The demonic crawler hits you!
You die...

##################
.#..'..#__#..))).#
.').#..'..'..#..s##+#
'#####'#__####..@ss.#
.#...#)####).#####s.+
##..##)#§~~..#..# ##
_##'#_.'~~~§§§..#
..'..._#~~§§§#..#
_##_.#'##[#####'#
_###'#[#§...# #P+
####.####÷### ###
..'..)'.....+


You could see 4 demonic crawlers.

Vanquished Creatures
  2 centaur warriors (D)
  Sonja (D)
  A deep troll (D)
  8 shining eyes (D)
  2 kobold demonologists (D)
  A hornet (D)
  A slime creature (D)
  Sigmund (D)
  A yak (D)
  5 floating eyes (D)
  An ogre (D)
  A jelly (D)
  Ijyb (D)
26 creatures vanquished.

Vanquished Creatures (others)
  2 ballistomycete spores (D)
2 creatures vanquished.

Grand Total: 28 creatures vanquished

Notes
Turn   | Place    | Note
-------+----------+-------------------------------------------
     0 | D        | qeuew the Human Berserker began the quest for the Orb.
     0 | D        | Reached XP level 1. HP: 18/18 MP: 1/1
     1 | D        | Noticed Ijyb
    24 | D        | Killed Ijyb
    25 | D        | Reached skill level 4 in Maces & Flails
    25 | D        | Reached XP level 2. HP: 4/26 MP: 2/2
    25 | D        | Reached XP level 3. HP: 5/31 MP: 3/3
   118 | D        | Noticed an ogre
   121 | D        | Killed an ogre
   122 | D        | Reached skill level 5 in Fighting
   122 | D        | Reached skill level 6 in Maces & Flails
   122 | D        | Reached XP level 4. HP: 40/40 MP: 4/4
   122 | D        | Reached XP level 5. HP: 46/46 MP: 5/5
   141 | D        | Noticed Sigmund
   151 | D        | Killed Sigmund
   151 | D        | Reached ** piety under Trog
   152 | D        | Reached skill level 8 in Maces & Flails
   152 | D        | Reached skill level 5 in Armour
   152 | D        | Reached XP level 6. HP: 24/53 MP: 6/6
   268 | D        | Found an ornate altar of the Wu Jian Council.
   268 | D        | Found a shimmering blue altar of Sif Muna.
   270 | D        | Found a radiant altar of Vehumet.
   325 | D        | Noticed a centaur warrior
   325 | D        | Noticed a centaur warrior
   340 | D        | Killed a centaur warrior
   341 | D        | Reached skill level 11 in Maces & Flails
   341 | D        | Reached skill level 5 in Dodging
   341 | D        | Reached skill level 5 in Evocations
   341 | D        | Reached XP level 7. HP: 37/63 MP: 7/7
   341 | D        | Reached XP level 8. HP: 40/69 MP: 8/8
   346 | D        | Killed a centaur warrior
   346 | D        | Reached *** piety under Trog
   347 | D        | Reached skill level 12 in Maces & Flails
   347 | D        | Reached XP level 9. HP: 26/76 MP: 9/9
   527 | D        | Noticed a hornet
   539 | D        | Paralysed by a hornet for 2 turns
   543 | D        | Killed a hornet
   546 | D        | HP: 3/76 [poisoned by a hornet]
   711 | D        | Noticed an oklob plant
   858 | D        | Noticed a deep troll
   867 | D        | Killed a deep troll
   868 | D        | Reached skill level 13 in Maces & Flails
   960 | D        | Noticed Sonja
   969 | D        | Killed Sonja
   970 | D        | Reached skill level 10 in Armour
  1024 | D        | Found Yruas's Antique Weapon Boutique.
  1034 | D        | Noticed a shining eye
  1034 | D        | Noticed a shining eye
  1034 | D        | Noticed a shining eye
  1034 | D        | Noticed a shining eye
  1034 | D        | Noticed a shining eye
  1034 | D        | Noticed a shining eye
  1034 | D        | Gained mutation: You are weak. (Str -2) [a shining eye]
  1035 | D        | Paralysed by a floating eye for 2 turns
  1039 | D        | Paralysed by a floating eye for 3 turns
  1046 | D        | Reached XP level 10. HP: 85/85 MP: 10/10
  1047 | D        | Reached **** piety under Trog
  1050 | D        | Gained mutation: Your spells are a little easier to cast,
                  | but a little less powerful. [a shining eye]
  1051 | D        | Gained mutation: You sometimes lose your temper in combat.
                  | [a shining eye]
  1055 | D        | Killed a shining eye
  1056 | D        | Reached skill level 10 in Fighting
  1056 | D        | Reached skill level 14 in Maces & Flails
  1061 | D        | Killed a shining eye
  1061 | D        | Lost mutation: You sometimes lose your temper in combat. [a
                  | shining eye]
  1062 | D        | Gained mutation: You occasionally lose the ability to drink
                  | potions when taking damage. [a shining eye]
  1064 | D        | Gained mutation: You are dopey. (Int -2) [a shining eye]
  1065 | D        | Gained mutation: You occasionally lose the ability to read
                  | scrolls when taking damage. [a shining eye]
  1067 | D        | Killed a shining eye
  1067 | D        | Lost mutation: You are dopey. (Int -2) [a shining eye]
  1069 | D        | Gained mutation: Your body sometimes deteriorates upon
                  | taking damage. [a shining eye]
  1073 | D        | Gained mutation: You are frail. (-10% HP) [a shining eye]
  1078 | D        | Killed a shining eye
  1079 | D        | Reached skill level 15 in Maces & Flails
  1079 | D        | Gained mutation: You are very frail. (-20% HP) [a shining
                  | eye]
  1080 | D        | Paralysed by a floating eye for 2 turns
  1084 | D        | Paralysed by a floating eye for 3 turns
  1088 | D        | Gained mutation: You are vulnerable to heat. (rF-) [a
                  | shining eye]
  1089 | D        | Reached ***** piety under Trog
  1090 | D        | Gained mutation: You occasionally shout uncontrollably at
                  | your foes. [a shining eye]
  1091 | D        | Gained mutation: Your body often deteriorates upon taking
                  | damage. [a shining eye]
  1095 | D        | Gained mutation: Armour fits poorly on your strangely
                  | shaped body. [a shining eye]
  1097 | D        | Gained mutation: You frequently scream uncontrollably at
                  | your foes. [a shining eye]
  1099 | D        | Gained mutation: You are very weak. (Str -4) [a shining
                  | eye]
  1101 | D        | Killed a shining eye
  1101 | D        | Received a gift from Trog
  1105 | D        | Gained mutation: You are clumsy. (Dex -2) [a shining eye]
  1105 | D        | Paralysed by a floating eye for 2 turns
  1112 | D        | Killed a shining eye
  1115 | D        | Paralysed by a floating eye for 2 turns
  1120 | D        | Noticed a shining eye
  1120 | D        | Noticed a shining eye
  1126 | D        | Gained mutation: Your magical capacity is low. (-10% MP) [a
                  | shining eye]
  1131 | D        | Gained mutation: Your magical capacity is very low. (-20%
                  | MP) [a shining eye]
  1136 | D        | Killed a shining eye
  1137 | D        | Reached XP level 11. HP: 73/73 MP: 2/8
  1138 | D        | Gained mutation: You are extremely frail. (-30% HP) [a
                  | shining eye]
  1141 | D        | Killed a shining eye
  1150 | D        | Found Pest's Book Shop.
  1150 | D        | Found Jaosoit's Weapon Emporium.
  1150 | D        | Found Apsiqal's Armour Boutique.
  1151 | D        | Found Lihiesm's Weapon Shoppe.
  1163 | D        | Bought a +1 pair of gloves of strength for 181 gold pieces
  1190 | D        | Found Gypnut's Antique Weapon Emporium.
  1190 | D        | Found an ancient bone altar of Kikubaaqudgha.
  1190 | D        | Found a stormy altar of Qazlal.
  1190 | D        | Found a blossoming altar of Fedhas.
  1190 | D        | Found a bloodstained altar of Trog.
  1190 | D        | Found an iron altar of Okawaru.
  1190 | D        | Found a glowing golden altar of the Shining One.
  1190 | D        | Found a glowing silver altar of Zin.
  1190 | D        | Found a white marble altar of Elyvilon.
  1212 | D        | Found a hazy altar of Hepliaklqana.
  1212 | D        | Found a hide-covered altar of Uskayaw.
  1212 | D        | Found a basalt altar of Yredelemnul.
  1212 | D        | Found a snail-covered altar of Cheibriados.
  1212 | D        | Found a sacrificial altar of Ru.
  1212 | D        | Found a shadowy altar of Dithmenos.
  1213 | D        | Found an opulent altar of Gozag.
  1214 | D        | Found a sparkling altar of Nemelex Xobeh.
  1218 | D        | Bought an encrusted flail for 195 gold pieces
  1218 | D        | Identified the +3 flail of Bengif {freeze, rN+ Dex+3
                  | Stlth+} (You bought it in a shop in the Dungeon)
  1301 | D        | Found a burning altar of Makhleb.
  1301 | D        | Found a viscous altar of Jiyva.
  1301 | D        | Found a shimmering altar of Xom.
  1301 | D        | Found a corrupted altar of Lugonu.
  1308 | D        | Reached skill level 16 in Maces & Flails
  1325 | D        | Paralysed by a floating eye for 2 turns
  1327 | D        | Noticed a sun demon
  1332 | D        | Received a gift from Trog
  1335 | D        | Paralysed by a floating eye for 3 turns
  1356 | D        | Slain by a demonic crawler

Illustrated notes

Levels and vault maps discovered:
D:        dungeon_sprint_1 [red_sonja_temple_1, red_sonja_temple_small_1]

Skill      XL: |  1  2  3  4  5  6  7  8  9 10 11 |
---------------+----------------------------------+-----
Fighting       | 4 5 6 8 9 10 11 | 11.1
Maces & Flails | 4 6 8 11 12 13 15 16 | 16.4
Dodging        | 3 4 5 6 7 8 |  8.0
Armour         | 3 5 7 8 10 12 13 | 13.5
Evocations     | 2 3 5 6 7 9 |  9.6

Action                     |  1- 3 |  4- 6 |  7- 9 | 10-12 || total
---------------------------+-------+-------+-------+-------++-------
  Melee: Mace              |    14 |    20 |    35 |    61 ||   130
         Great mace        |       |       |       |    14 ||    14
         Punch             |       |       |       |     2 ||     2
         Flail             |       |       |       |    22 ||    22
 Invoke: Berserk           |     2 |     1 |     4 |     1 ||     8
         Trog's Hand       |       |       |     2 |     1 ||     3
    Use: Potion            |       |       |     2 |       ||     2
 Armour: Chain mail        |       |    15 |     8 |       ||    23
         Troll leather arm |       |       |     1 |    17 ||    18
  Dodge: Dodged            |     9 |     7 |    25 |    18 ||    59

Table legend: (Time is in decaauts)
 A = Elapsed time spent in this place.
 B = Non-inter-level travel time spent in this place.
 C = Inter-level travel time spent in this place.
 D = Time resting spent in this place.
 E = Time spent auto-exploring this place.
 F = Levels seen in this place.
 G = Mean time per level.
                   A        B        C        D        E       F      G
               +--------+--------+--------+--------+--------+-----+--------+
         Total |   1401 |   1401 |      0 |      0 |   1049 |   1 | 1401.0 |
       Dungeon |   1401 |   1401 |      0 |      0 |   1049 |   1 | 1401.0 |
               +--------+--------+--------+--------+--------+-----+--------+

Top non-repeatable levels by time:
       D: 1401 daAuts
